 Dungeon Crawl Stone Soup version 0.30.0-10-gfe55d96785 (webtiles) character file.

Game seed: 12999554763048179747

322 garrulousMonolith the Chopper (level 6, 0/53 HPs)
             Began as a Hill Orc Monk on May 14, 2023.
             Killed from afar by Ijyb (7 damage)
             ... with a bolt of dispelling energy
             ... on level 3 of the Dungeon on May 15, 2023.
             The game lasted 00:03:53 (2468 turns).

garrulousMonolith the Chopper (Hill Orc Monk)       Turns: 2468, Time: 00:03:53

Health: 0/53       AC:  8    Str: 16    XL:     6   Next: 47%
Magic:  8/8        EV:  8    Int: 10    God:
Gold:   173        SH:  0    Dex: 13    Spells: 5/5 levels left

rFire   . . .        m - +4 mace
rCold   . . .        d - orb {light}
rNeg    . . .        r - +0 chain mail
rPois   .            (no helmet)
rElec   .            (no cloak)
rCorr   .            (no gloves)
SInv    +            (no boots)
Will    .....        (no amulet) Stlth
                     e - ring of see invisible
HPRegen 0.28/turn    (no ring)
MPRegen 0.11/turn

%: no passive effects
@: glowing
A: no striking features
a: no special abilities


You were on level 3 of the Dungeon.
You visited 1 branch of the dungeon, and saw 3 of its levels.

You collected 173 gold pieces.

Inventory:

Hand Weapons
 a - a +0 hand axe
 l - a +0 morningstar
 m - a +4 mace (weapon)
Armour
 b - a +0 robe
 c - a +0 scale mail
 d - an orb of light (worn)
 g - a +0 leather armour
 r - a +0 chain mail (worn)
 u - a +0 plate armour
Jewellery
 e - a ring of see invisible (left hand)
Scrolls
 h - a scroll of magic mapping {unknown}
 i - 2 scrolls of identify {unknown}
 j - 2 scrolls of amnesia {unknown}
 s - a scroll of silence {unknown}
 t - 2 scrolls of poison {unknown}
 v - 2 scrolls of blinking {unknown}
Potions
 f - a potion of brilliance {unknown}
 k - a potion of lignification {unknown}
 o - a potion of flight {unknown}
 p - a potion of heal wounds {unknown}
 q - a potion of mutation {unknown}


   Skills:
 + Level 4.5 Fighting
 * Level 6.1 Axes
 + Level 2.2 Armour
 + Level 3.1 Dodging
 + Level 2.3 Shields
 + Level 2.9 Invocations


You had 5 spell levels left.
You didn't know any spells.
Your spell library was empty.

Dungeon Overview and Level Annotations

Branches:
Dungeon (3/15)

Altars:
Elyvilon

Annotations:
D:3 Ijyb


Message History

It was a potion of curing.
You feel better. Ijyb hits you but does no damage. The adder barely misses you.
You barely miss Ijyb.
Ijyb is almost dead.
The adder bites you but does no damage.
Ijyb zaps a wand.
The bolt of dispelling energy hits you!
* * * LOW HITPOINT WARNING * * *
The adder barely misses you.
You feel better. Ijyb hits you with a +0 dagger.
* * * LOW HITPOINT WARNING * * *
The adder bites you.
* * * LOW HITPOINT WARNING * * *
You are lethally poisoned!
The adder poisons you!
You feel better. Ijyb hits you but does no damage.
The adder bites you but does no damage.
You hit the adder.
The adder is moderately wounded.
The adder bites you.
* * * LOW HITPOINT WARNING * * *
Ijyb screams, "I dance on your bones!" Ijyb closely misses you.
The adder bites you.
* * * LOW HITPOINT WARNING * * *
Ijyb hits you but does no damage.
You hit Ijyb.
Ijyb is almost dead.
The adder barely misses you. Ijyb hits you but does no damage.
You hit Ijyb but do no damage.
Ijyb is almost dead.
The adder misses you. Ijyb hits you with a +0 dagger.
* * * LOW HITPOINT WARNING * * *
The adder bites you.
* * * LOW HITPOINT WARNING * * *
Sorry, you're not good enough to have a special ability.
You aren't carrying any items that you can evoke.
You closely miss Ijyb.
Ijyb is almost dead.
The adder barely misses you.
Ijyb zaps a wand.
The bolt of dispelling energy hits you!
You die...

#.####......#
#.......# #)#
#......###.#######
####.# ##...........#
..##.# #............#
..##.# #.#####......#
..##'# #..# #......#
....####''####......#
###.#........#......##
.##.#........##.@....#
.##.#..♣♣♣♣..#..gS...#
.####.)♣ ♣..#.......#
.# #..♣ ♣..#.$.....#
.# #..♣♣♣♣..#.......#
## #........#.......#
#........#.......# #
####''####.......# #
####...#


You could see Ijyb (resistant) and an adder.

Vanquished Creatures
  Sigmund (D:2)
  Jessica (D:2)
  Terence (D:2)
  An adder (D:2)
  3 worms (D:2)
  3 dart slugs
  3 orcs (D:3)
  5 bats
  10 endoplasms
  A giant cockroach (D:1)
  7 goblins
  7 hobgoblins
  6 jackals
  4 kobolds
  2 quokkas
  6 ball pythons
  2 frilled lizards
  8 rats
71 creatures vanquished.

Notes
Turn   | Place    | Note
-------+----------+-------------------------------------------
     0 | D:1      | garrulousMonolith the Hill Orc Monk began the quest for the
                  | Orb.
     0 | D:1      | Reached XP level 1. HP: 19/19 MP: 1/1
   119 | D:1      | Reached XP level 2. HP: 26/27 MP: 2/2
   185 | D:1      | Reached skill level 1 in Invocations
   713 | D:1      | Reached XP level 3. HP: 9/33 MP: 3/3
   858 | D:2      | Noticed Terence
   865 | D:2      | HP: 1/33 [Terence/+0 flail (12)]
   874 | D:2      | Killed Terence
   875 | D:2      | Reached skill level 1 in Armour
   875 | D:2      | Reached skill level 1 in Shields
  1167 | D:2      | Reached XP level 4. HP: 40/40 MP: 5/5
  1228 | D:2      | Noticed Jessica
  1234 | D:2      | Killed Jessica
  1235 | D:2      | Reached skill level 5 in Axes
  1400 | D:2      | Noticed Sigmund
  1411 | D:2      | Killed Sigmund
  1412 | D:2      | Reached skill level 6 in Axes
  1412 | D:2      | Reached XP level 5. HP: 30/47 MP: 5/7
  1412 | D:2      | Reached XP level 6. HP: 34/53 MP: 5/8
  1584 | D:2      | Found a white marble altar of Elyvilon.
  1711 | D:2      | Identified the +0 robe of the Fisher {Regen+ rCorr}
  2452 | D:3      | Noticed Ijyb
  2468 | D:3      | Killed from afar by Ijyb

Illustrated notes

Levels and vault maps discovered:
D:1:      dpeg_arrival_arbitrary_b, layout_basic
D:2:      layout_basic, basic_altar, minmay_distorted, uniq_sigmund,
          uniq_jessica, uniq_terence
D:3:      layout_basic, kennysheep_generic_room_6, uniq_ijyb

Skill      XL: |  1  2  3  4 |
---------------+-------------+-----
Invocations    | 1 2 |  2.9
Armour         | 1 2 |  2.2
Shields        | 1 2 |  2.3
Fighting       | 4 |  4.5
Axes           | 6 |  6.1
Dodging        | 3 |  3.1

Action                     |  1- 3 |  4- 6 || total
---------------------------+-------+-------++-------
  Melee: Hand axe          |    36 |       ||    36
         Morningstar       |    27 |       ||    27
         Mace              |     3 |   103 ||   106
    Use: Potion            |     1 |     3 ||     4
 Armour: Leather armour    |    11 |       ||    11
         Robe              |     2 |       ||     2
         Scale mail        |     1 |    17 ||    18
         Chain mail        |       |    32 ||    32
  Dodge: Dodged            |    56 |    32 ||    88
